 Dungeon Crawl Stone Soup version 0.28-a0-1206-g193881aaa2 (webtiles) character file.

Game seed: 2850367637945331606

21 fragbeetle the Poker (level 2, -1/23 HPs)
             Began as a Merfolk Gladiator on Dec 20, 2021.
             Succumbed to an adder's poison
             ... on level 2 of the Dungeon.
             The game lasted 00:02:44 (994 turns).

fragbeetle the Poker (Merfolk Gladiator)             Turns: 994, Time: 00:02:44

Health: -1/23      AC:  4    Str: 14    XL:     2   Next: 87%
Magic:  2/2        EV: 13    Int:  7    God:
Gold:   14         SH:  0    Dex: 15    Spells: 1/1 levels left

rFire   . . .      SeeInvis .   a - +0 trident
rCold   . . .      Faith    .   (no shield)
rNeg    . . .      Spirit   .   b - +0 leather armour
rPois   .          Reflect  .   c - +0 helmet
rElec   .          Harm     .   (no cloak)
rCorr   .          Rampage  .   (no gloves)
Will    .....                   (no boots)
Stlth   +.........              (no amulet)
HPRegen 0.07/turn               (no ring)
MPRegen 0.08/turn               (no ring)

@: mighty, lethally poisoned (-1 -> -10)
A: (nimble swimmer 2), mertail
a: no special abilities


You were on level 2 of the Dungeon.
You visited 1 branch of the dungeon, and saw 2 of its levels.

You collected 14 gold pieces.

Inventory:

Hand Weapons
 a - a +0 trident (weapon)
Missiles
 d - 3 throwing nets
 e - 119 stones
 f - 22 poisoned darts (quivered)
Armour
 b - a +0 leather armour (worn)
 c - a +0 helmet (worn)
Scrolls
 i - a scroll of silence {unknown}
 j - 3 scrolls of fog {unknown}
 l - 2 scrolls of identify {unknown}
 m - 3 scrolls of teleportation {unknown}
 n - a scroll of magic mapping {unknown}
 o - a scroll of enchant armour {unknown}
Potions
 g - a potion of haste {unknown}
 h - 2 potions of might
 k - a potion of cancellation {unknown}


   Skills:
 + Level 2.5 Fighting
 * Level 5.0 Polearms
 + Level 2.2 Throwing
 + Level 4.3 Dodging


You had one spell level left.
You didn't know any spells.
Your spell library was empty.

Dungeon Overview and Level Annotations

Branches:
Dungeon (2/15)

Altars:

Shops:
D:1 [*


Innate Abilities, Weirdness & Mutations

((You are quick and stealthy near water. (Stealth+, EV+, Speed+++)))
Your lower body shifts to a powerful aquatic tail in water.


Message History

You throw a poisoned dart.
The poisoned dart barely misses the adder.
Reach: a) +0 trident
Press: ? - help, Dir - move target, f/p - adder
Aim: an adder (about 58% to evade your +0 trident)
You reach to attack!
You barely miss the adder. You hit the adder.
The adder is lightly wounded.
The adder bites you.
You are poisoned.
The adder poisons you! The adder bites you.
You are more poisoned.
The adder poisons you!
You barely miss the adder.
The adder is lightly wounded.
You feel very sick. The adder closely misses you.
You miss the adder.
The adder is lightly wounded.
You feel sick. The adder bites you.
You hit the adder.
The adder is severely wounded.
You feel sick. The adder bites you.
You are lethally poisoned!
The adder poisons you! The adder barely misses you.
You hit the adder.
The adder is almost dead.
* * * LOW HITPOINT WARNING * * *
You feel sick. The adder bites you.
* * * LOW HITPOINT WARNING * * *
You closely miss the adder.
The adder is almost dead.
* * * LOW HITPOINT WARNING * * *
You feel sick. The adder bites you.
* * * LOW HITPOINT WARNING * * *
You are more poisoned.
The adder poisons you!
It was a potion of might.
You feel very mighty all of a sudden.
You die...

### .# #≈≈≈ .#
##≈≈≈ .# .#≈≈≈≈≈
###.#
..≈≈≈≈≈##...#
.≈≈≈≈ .....#
.≈≈≈≈≈##...#######
(≈(≈≈.S@..........
≈≈≈≈≈###...######
≈≈≈ #...#
≈≈≈≈.###.#.#
.≈≈≈≈.......#
#.≈≈≈≈####.###
#.≈≈≈≈≈# #.#
#.≈≈≈≈≈# #[#
##.#≈≈≈≈###.#


You could see an adder.

Vanquished Creatures
  3 ball pythons
  4 endoplasms (D:1)
  2 giant cockroaches (D:1)
  A goblin (D:1)
  3 hobgoblins (D:1)
  A kobold (D:1)
  A quokka (D:1)
  A bat (D:1)
  A frilled lizard (D:1)
  A rat (D:1)
18 creatures vanquished.

Notes
Turn   | Place    | Note
-------+----------+-------------------------------------------
     0 | D:1      | fragbeetle the Merfolk Gladiator began the quest for the
                  | Orb.
     0 | D:1      | Reached XP level 1. HP: 16/16 MP: 1/1
   121 | D:1      | Found Waynuic's Armour Shoppe.
   326 | D:1      | Reached XP level 2. HP: 13/23 MP: 2/2
   534 | D:1      | Found Yxzepy's General Store.
   600 | D:1      | Reached skill level 5 in Polearms
   993 | D:2      | HP: 1/23 [adder (2)]
   994 | D:2      | Succumbed to an adder's poison

Illustrated notes

Levels and vault maps discovered:
D:1:      tarquinn_simple_flora_water_b, layout_loops_ring, serial_shops, shop,
          nicolae_shop_waterfront, kennysheep_pointless_box
D:2:      wander_river, layout_loops_corners,
          shapermc_ecumenical_altar_mp_vishouse, solitary_fountain,
          guppyfry_early_lair_pool, uniq_natasha

Skill      XL: |  1  2 |
---------------+-------+-----
Polearms       | 5 |  5.0
Fighting       | |  2.5
Throwing       | |  2.2
Dodging        | |  4.3

Action                   || total
-------------------------++-------
Melee: Trident           ||    54
Throw: Dart              ||     2
  Use: Potion            ||     1
 Stab: Sleeping          ||     1
Armor: Leather armour    ||     4
Dodge: Dodged            ||    19

Table legend: (Time is in decaauts)
 A = Elapsed time spent in this place.
 B = Non-inter-level travel time spent in this place.
 C = Inter-level travel time spent in this place.
 D = Time resting spent in this place.
 E = Time spent auto-exploring this place.
 F = Levels seen in this place.
 G = Mean time per level.
                   A        B        C        D        E       F      G
               +--------+--------+--------+--------+--------+-----+--------+
         Total |    981 |    940 |     41 |    127 |    550 |   2 |  490.5 |
       Dungeon |    981 |    940 |     41 |    127 |    550 |   2 |  490.5 |
               +--------+--------+--------+--------+--------+-----+--------+

Top non-repeatable levels by time:
     D:1: 909 daAuts
     D:2: 71 daAuts
